 Dungeon Crawl Stone Soup version 0.31-a0-853-gc9b61b78f7 (webtiles) character file.

Game seed: 14194707231371537060

357 CrazyBamboolord the Trooper (level 6, -2/56 HPs)
             Began as a Ghoul Fighter on Oct 8, 2023.
             Was an Initiate of Okawaru.
             Slain by a gnoll
             ... wielding a +0 flail
              (9 damage)
             ... on level 4 of the Dungeon.
             The game lasted 00:06:55 (2483 turns).

CrazyBamboolord the Trooper (Ghoul Fighter)         Turns: 2483, Time: 00:06:55

Health: -2/56      AC: 10    Str: 22    XL:     6   Next: 64%
Magic:  5/5        EV:  9    Int:  3    God:    Okawaru [......]
Gold:   140        SH:  9    Dex:  8    Spells: 5/5 levels left

rFire   . .          .
                       - Unarmed
rCold   + + .        b - +0 buckler
rNeg    + + +        q - +2 scale mail {Will+}
rPois   ∞            c - +0 helmet
rElec   .            (no cloak)
rCorr   .            (no gloves)
SInv    .            (no boots)
Will    +....        e - amulet of reflection Stlth
                     n - ring of protection from cold
HPRegen 0.00/turn    (no ring)
MPRegen 0.09/turn

%: reflection
@: inhibited regen
A: claws 1, cold resistance 1, negative energy resistance 3, inhibited
regeneration, torment resistance 2, devour on kill
a: Renounce Religion


You were on level 4 of the Dungeon.
You worshipped Okawaru.
Okawaru was noncommittal.
You visited 1 branch of the dungeon, and saw 4 of its levels.

You collected 169 gold pieces.
You spent 29 gold pieces at shops.

Inventory:

Armour
 b - a +0 buckler (worn)
 c - a +0 helmet (worn)
 q - a +2 scale mail of willpower (worn)
Jewellery
 e - an amulet of reflection (around neck)
 i - a +6 ring of strength
 n - a ring of protection from cold (left claw)
Wands
 p - a wand of flame (12) (quivered)
Scrolls
 f - 2 scrolls of silence
 g - 3 scrolls of teleportation
 h - 2 scrolls of fog
Potions
 a - a potion of brilliance
 d - 3 potions of curing
 k - a potion of haste {unknown}
 l - a potion of enlightenment {unknown}
 m - a potion of berserk rage {unknown}
 r - a potion of heal wounds {unknown}


   Skills:
 * Level 5.1 Fighting
 * Level 4.1 Armour
 + Level 3.5 Shields
 * Level 4.2 Unarmed Combat
 + Level 0.1 Invocations


You had 5 spell levels left.
You didn't know any spells.
Your spell library contained the following spells:

 Spells                   Type           Power      Damage    Failure   Level
 Apportation              Tloc           0%         N/A       88%         1
 Jinxbite                 Hex            0%         N/A       96%         2
 Alistair's Intoxication  Tmut/Pois      0%         N/A       100%        5


Dungeon Overview and Level Annotations

Branches:
Dungeon (4/15)
 Temple: D:4-7

Altars:
Kikubaaqudgha
Okawaru
Ru
Uskayaw
Vehumet

Shops:
D:2 *?!


Innate Abilities, Weirdness & Mutations

You are immune to poison.
You have sharp fingernails.
Your flesh is cold resistant. (rC+)
You are immune to negative energy. (rN+++)
You do not regenerate when monsters are visible.
You are immune to unholy pain and torment.
You thrive by killing the living.


Message History

HP restored.
There is a stone staircase leading down here.
You climb downwards.
You hear the hiss of flowing sand.
There is an entrance to an ossuary on this level.
Hurry and find it before the portal is buried!
You hear the slow hiss of a very distant avalanche of sand.
Found a scroll of teleportation, a knobbly bone ring and a leather armour.
Found a stone staircase leading down.
There is a stone staircase leading up here.
g - 2 scrolls of teleportation (gained 1)
Found 7 stones and a scroll of teleportation.
i - a +6 ring of strength You see here 7 stones.
g - 3 scrolls of teleportation (gained 1)
The gnoll shouts!
The gnoll barely misses you.
You closely miss the gnoll. You block the gnoll's attack.
A giant cockroach comes into view.
You barely miss the gnoll. You block the gnoll's attack.
You scratch the gnoll but do no damage. You barely miss the gnoll.
The gnoll hits you with a +0 flail!
You scratch the gnoll.
The gnoll is lightly wounded.
The gnoll barely misses you. The gnoll hits you with a +0 flail!
You scratch the gnoll.
The gnoll is moderately wounded.
The gnoll hits you with a +0 flail.
You scratch the gnoll.
The gnoll is severely wounded.
You block the gnoll's attack. The gnoll hits you with a +0 flail!
The giant cockroach completely misses you.
The gnoll closely misses you.
The gnoll hits you from afar with a +1 heavy halberd!
* * * LOW HITPOINT WARNING * * *
The gnoll barely misses you. The gnoll attacks as it pursues you!
The gnoll closely misses you.
There is a stone staircase leading up here.
The giant cockroach bites you but does no damage.
The gnoll hits you with a +0 flail!
You die...

#...# ##.(.# #...## ..
#..## ####.# #
###..###### .....
..#.........## ....
.......g......#. ...
.......gB....... ..
........@....>.. )#
....w........... <#
................ ...#
...#............ ......
...............#
....#... ..............#
.$....#. #.............#
......................[#
..##.).. .


You could see a worm, 2 gnolls and a giant cockroach.

Vanquished Creatures
  An ogre (D:3)
  A jelly (D:3)
  Jessica (D:3)
  Ijyb (D:3)
  Terence (D:3)
  An orc wizard (D:3)
  Robin (D:3)
  6 adders
  A worm (D:3)
  A dart slug (D:3)
  4 orcs (D:3)
  7 ball pythons
  6 endoplasms
  6 giant cockroaches
  16 goblins
  4 hobgoblins
  A quokka (D:3)
  4 bats
  6 frilled lizards
  5 kobolds
  3 rats (D:2)
77 creatures vanquished.

Notes
Turn   | Place    | Note
-------+----------+-------------------------------------------
     0 | D:1      | CrazyBamboolord the Ghoul Fighter began the quest for the
                  | Orb.
     0 | D:1      | Reached XP level 1. HP: 19/19 MP: 0/0
   152 | D:1      | Reached XP level 2. HP: 25/26 MP: 1/1
   572 | D:1      | Reached XP level 3. HP: 33/33 MP: 2/2
   819 | D:2      | Found Romug's Assorted Antiques.
   825 | D:2      | Bought a scroll labelled DEEVIX AP FUED for 29 gold pieces
   869 | D:2      | Found Gisegeck's Distillery.
  1183 | D:2      | Reached skill level 4 in Fighting
  1183 | D:2      | Reached XP level 4. HP: 40/40 MP: 3/3
  1253 | D:2      | Found Buefek's Magic Scroll Shoppe.
  1333 | D:3      | Found a hide-covered altar of Uskayaw.
  1333 | D:3      | Noticed a +0 dagger
  1333 | D:3      | Noticed a +0 short sword
  1334 | D:3      | Noticed a +0 falchion
  1334 | D:3      | Noticed a +0 falchion
  1335 | D:3      | Noticed a +0 short sword
  1335 | D:3      | Noticed a +0 dagger
  1336 | D:3      | Noticed a +0 spear
  1337 | D:3      | Noticed a +0 spear
  1349 | D:3      | Noticed Jessica
  1359 | D:3      | Killed Jessica
  1438 | D:3      | Reached XP level 5. HP: 44/46 MP: 4/4
  1463 | D:3      | Noticed an ogre
  1470 | D:3      | Killed an ogre
  1531 | D:3      | Noticed Robin
  1535 | D:3      | Reached XP level 6. HP: 53/53 MP: 5/5
  1556 | D:3      | Killed Robin
  1570 | D:3      | Found a sacrificial altar of Ru.
  1571 | D:3      | Noticed Ijyb
  1623 | D:3      | Killed Ijyb
  1882 | D:3      | Noticed Terence
  1890 | D:3      | Killed Terence
  1891 | D:3      | Reached skill level 5 in Fighting
  1972 | D:3      | Found an ancient bone altar of Kikubaaqudgha.
  2131 | D:3      | Found a large runed translucent door.
  2133 | D:3      | Found a large runed translucent door.
  2337 | D:3      | Found a radiant altar of Vehumet.
  2345 | D:3      | Found an iron altar of Okawaru.
  2350 | D:3      | Became a worshipper of Warmaster Okawaru
  2483 | D:4      | Slain by a gnoll

Illustrated notes

Levels and vault maps discovered:
D:1:      mrwooster_arrival_statue, layout_basic
D:2:      layout_basic, serial_shops, nicolae_shop_rolled_up, shop,
          nicolae_shop_overgrown_old_shop, basic_altar,
          chequers_serial_rivers_micro_a
D:3:      layout_loops_cross, jmf_multi_god_temple, nicolae_uskayaw_en_pointe,
          kiku_gazebo_pond_becter, jmf_multi_god_temple2, uniq_ijyb,
          uniq_terence, uniq_jessica, uniq_robin
D:4:      layout_rooms, enter_ossuary_3

Skill      XL: |  1  2  3  4  5  6 |
---------------+-------------------+-----
Armour         | 3 4 |  4.1
Shields        | 3 |  3.5
Unarmed Combat | 3 4 |  4.2
Fighting       | 4 5 |  5.1
Invocations    | |  0.1

Action                     |  1- 3 |  4- 6 || total
---------------------------+-------+-------++-------
  Melee: Unarmed           |   123 |   144 ||   267
  Evoke: Wand              |       |     2 ||     2
    Use: Scroll            |       |     8 ||     8
         Potion            |       |     2 ||     2
 Armour: Scale mail        |    52 |    22 ||    74
         Chain mail        |    32 |    58 ||    90
  Dodge: Dodged            |    38 |    36 ||    74
  Block: Buckler           |    45 |    44 ||    89

Table legend: (Time is in decaauts)
 A = Elapsed time spent in this place.
 B = Non-inter-level travel time spent in this place.
 C = Inter-level travel time spent in this place.
 D = Time resting spent in this place.
 E = Time spent auto-exploring this place.
 F = Levels seen in this place.
 G = Mean time per level.
                   A        B        C        D        E       F      G
               +--------+--------+--------+--------+--------+-----+--------+
         Total |   2478 |   2333 |    145 |      0 |   1722 |   4 |  619.5 |
       Dungeon |   2478 |   2333 |    145 |      0 |   1722 |   4 |  619.5 |
               +--------+--------+--------+--------+--------+-----+--------+

Top non-repeatable levels by time:
     D:3: 1122 daAuts
     D:1: 733 daAuts
     D:2: 585 daAuts
     D:4: 37 daAuts
